Map: Glittering Ashes LE

Players

AGOElazer (Elazer)

  • Race: Zerg Zerg
  • League: Master

MaxPax - Winner!

  • Race: Protoss Protoss
  • League: Grandmaster

VOD

Have the link to the VOD?

Description

Time

  • Played on: Oct. 22, 2021, 7:42 a.m.
  • Length: 7:14
Show
View Real Time Build Order
Export as new Build Order

AGOElazer Zerg 

Build Orders: Hatch First 

Get SALT Encoding   

  12  0:00  Drone  
  13  0:12  Overlord  
  13  0:16  Drone  
  14  0:30  Drone x2  
  16  0:47  Hatchery  
  15  0:50  Drone  
  15  0:54  Drone  
  17  0:57  Drone  
  18  1:10  Extractor  
  17  1:13  Spawning Pool  
  17  1:15  Drone  
  17  1:20  Drone  
  18  1:28  Drone  
  19  1:38  Drone  
  20  1:49  Overlord  
  20  1:59  Queen x2  
  20  2:01  Drone  
  25  2:04  Drone  
  26  2:15  Drone, Zergling x2  
  28  2:23  Drone x2  
  28  2:29  Hatchery  
  29  2:34  Metabolic Boost  
  29  2:39  Drone x2  
  29  2:44  Drone x2  
  33  2:51  Queen  
  35  2:54  Overlord  
  35  3:03  Drone  
  35  3:05  Overlord  
  36  3:12  Drone x4  
  40  3:15  Drone  
  41  3:22  Drone  
  41  3:25  Drone  
  43  3:28  Queen  
  43  3:31  Queen  
  47  3:38  Overlord  
  47  3:42  Drone  
  47  3:43  Overlord  
  47  3:44  Drone x2  
  50  3:50  Overlord  
  50  3:51  Spore Crawler  
  49  3:55  Queen  
  49  3:56  Drone x3  
  49  3:57  Drone x2  
  49  4:02  Zergling x6  
  59  4:06  Queen  
  61  4:14  Overlord  
  61  4:15  Drone x3  
  64  4:21  Drone x6  
  70  4:27  Drone x3  
  70  4:29  Extractor  
  71  4:32  Extractor  
  71  4:33  Roach Warren  
  71  4:35  Drone x4  
  71  4:38  Overlord  
  73  4:40  Drone  
  74  4:48  Drone  
  74  4:49  Overlord  
  74  4:50  Lair  
  75  4:53  Spore Crawler  
  75  4:57  Spore Crawler  
  73  5:04  Overlord x2  
  73  5:05  Zergling x4  
  72  5:17  Roach x10  
  92  5:25  Zergling x10  
  97  5:34  Zergling x10  
  102  5:42  Zergling x6  
  105  5:49  Zergling x6  
  107  5:52  Zergling x2  
  107  5:53  Zergling x2  
  107  5:59  Zergling x2  
  107  6:00  Queen x3  
  107  6:03  Zergling x8  
  111  6:10  Ravager x4  
  113  6:12  Overlord  
  113  6:13  Hatchery  
  113  6:17  Ravager  
  113  6:25  Ravager  
  108  6:33  Zergling x16  
  99  6:50  Zergling x10  
  106  6:55  Ravager  
  106  6:56  Ravager x2  
Show
View Real Time Build Order
Export as new Build Order

MaxPax Protoss - Winner!

Build Orders: 1 Gate Expand, Oracle Opening 

Get SALT Encoding   

  12  0:00  Probe  
  13  0:12  Probe  
  14  0:20  Pylon  
  14  0:24  Probe  
  15  0:38  Probe (Chrono Boost)  
  15  0:42  Gateway  
  16  0:47  Probe (Chrono Boost)  
  16  0:49  Assimilator  
  17  0:55  Probe  
  18  1:07  Probe  
  19  1:19  Probe  
  20  1:28  Nexus  
  20  1:38  Cybernetics Core  
  20  1:42  Probe  
  21  1:48  Assimilator  
  21  1:54  Probe  
  22  1:57  Pylon  
  22  2:06  Probe (Chrono Boost)  
  23  2:15  Adept  
  25  2:18  Probe (Chrono Boost)  
  25  2:20  Stargate  
  26  2:26  Probe (Chrono Boost)  
  26  2:29  Warp Gate  
  27  2:34  Probe (Chrono Boost)  
  28  2:39  Probe (Chrono Boost)  
  29  2:47  Adept  
  29  2:49  Probe x2 (Chrono Boost)  
  33  2:54  Probe (Chrono Boost)  
  33  2:55  Void Ray (Chrono Boost)  
  33  2:56  Probe  
  39  3:06  Probe  
  39  3:08  Probe  
  39  3:10  Pylon  
  41  3:18  Probe  
  42  3:20  Gateway  
  42  3:21  Probe  
  43  3:28  Oracle (Chrono Boost)  
  43  3:30  Probe  
  43  3:33  Probe  
  48  3:42  Probe  
  48  3:45  Probe  
  50  3:49  Nexus  
  50  3:54  Probe  
  51  3:55  Pylon  
  51  3:57  Probe  
  52  4:04  Assimilator x2  
  52  4:08  Probe  
  52  4:09  Probe  
  54  4:20  Stargate, Probe  
  54  4:21  Probe  
  56  4:28  Protoss Air Weapons Level 1  
  56  4:31  Pylon  
  56  4:32  Probe  
  56  4:33  Probe  
  56  4:35  Shield Battery, Void Ray, Forge  
  62  4:49  Probe x2  
  64  5:01  Probe x2 (Chrono Boost)  
  64  5:02  Probe (Chrono Boost), Void Ray (Chrono Boost)  
  67  5:11  Probe x2 (Chrono Boost)  
  67  5:13  Probe (Chrono Boost)  
  73  5:16  Probe (Chrono Boost)  
  73  5:17  Void Ray (Chrono Boost), Probe  
  76  5:24  Probe  
  76  5:27  Probe, Assimilator x2  
  76  5:28  Pylon  
  82  5:29  Pylon  
  82  5:31  Adept, Photon Cannon  
  85  5:38  Shield Battery  
  85  5:41  Photon Cannon x2  
  84  5:44  Shield Battery, Void Ray (Chrono Boost)  
  84  5:47  Photon Cannon  
  88  5:54  Photon Cannon  
  88  5:56  Void Ray (Chrono Boost), Photon Cannon  
  88  6:01  Photon Cannon  
  88  6:05  Shield Battery  
  88  6:06  Photon Cannon  
  88  6:07  Photon Cannon  
  88  6:09  Shield Battery, Photon Cannon  
  92  6:13  Void Ray (Chrono Boost)  
  92  6:14  Shield Battery  
  92  6:16  Pylon  
  96  6:20  Shield Battery  
  96  6:26  Void Ray  
  96  6:28  Shield Battery  
  96  6:30  Shield Battery  
  100  6:34  Photon Cannon  
  100  6:53  Shield Battery  
  104  6:54  Shield Battery  
  104  6:57  Zealot x2  
  108  7:03  Pylon  
Tags
 
Add a new tag
Caveats
  • Supply blocks, unpowered buildings, or Contaminate may cause inaccurate times.
  • Supply counts are checked every 10 seconds.